[Event "Titled Tuesday Blitz November 08 Early 2022"]
[White "Avramidou, Anastasia"]
[Black "Kovalev, Vladislav"]
[WhiteFideId "4239873"]
[BlackFideId "13504398"]
[WhiteElo "2221"]
[BlackElo "2556"]
[Result "0-1"]
[Round "05"]
[TimeControl "180+1"]
[Date "2022.11.09"]
[WhiteClock "0:00:04"]
[BlackClock "0:00:10"]

1. d4 Nf6 2. c4 e6 3. Nc3 Bb4 4. Qc2 b6 5. Nf3 Bb7 6. g3 c5 7. dxc5 bxc5 8. Bg2 O-O 9. O-O d6 10. Rd1 Qe7 11. Bg5 Bxc3 12. Qxc3 Nc6 13. Bxf6 gxf6 14. e3 Rad8 15. Rd2 Rd7 16. Rad1 Rfd8 17. a3 a5 18. Ne1 a4 19. Nf3 Ne5 20. Nxe5 fxe5 21. Qc2 Bxg2 22. Kxg2 Ra7 23. Qe4 Ra6 24. Qg4+ Kf8 25. Qh5 f6 26. e4 Qf7 27. Qe2 Ke7 28. Rd3 Rb8 29. R1d2 Qg6 30. f3 Rbb6 31. Qd1 h5 32. Kf2 Qg5 33. Qg1 Rb3 34. Qd1 Rbb6 35. Qg1 Kd7 36. Qd1 Kc7 37. Qc1 Ra8 38. Qd1 Raa6 39. Qc1 h4 40. Qg1 Ra8 41. gxh4 Qxh4+ 42. Qg3 Qh7 43. Ke1 Rg8 44. Qf2 Qh6 45. Kd1 Qg5 46. Kc2 Qg1 47. Qxg1 Rxg1 48. Rf2 Rb8 49. f4 exf4 50. Rxf4 Rg2+ 51. Kc1 Rbxb2 52. Rxf6 Ra2 53. Kb1 Rgb2+ 54. Kc1 Rxh2 55. Kb1 Rhb2+ 56. Kc1 Re2 57. Kb1 Rab2+ 58. Kc1 Rbc2+ 59. Kd1 Ra2 60. Rf7+ Kc6 61. Rf8 Rh2 62. Ke1 Ra1+ 0-1


[Site "https://www.chess.com"]

[Event "Titled Tuesday Blitz November 08 Early 2022"]
[White "Bagrationi, Alexander"]
[Black "Guimaraes, Wagner Peixoto"]
[WhiteFideId "14104954"]
[BlackFideId "2100940"]
[WhiteElo "2398"]
[BlackElo "2231"]
[Result "1-0"]
[Round "05"]
[TimeControl "180+1"]
[Date "2022.11.09"]
[WhiteClock "0:00:08"]
[BlackClock "0:00:04"]

1. e4 c5 2. Be2 e6 3. f4 b6 4. Nf3 Bb7 5. d3 Nc6 6. O-O d6 7. c3 Nf6 8. Kh1 Qc7 9. Be3 a6 10. Nbd2 Be7 11. d4 O-O 12. Qe1 cxd4 13. cxd4 Nb4 14. Rc1 Qd7 15. a3 Nc6 16. Qg3 g6 17. Qh3 h5 18. Ng5 e5 19. f5 exd4 20. Bg1 Ne5 21. Bxd4 Nfg4 22. Ndf3 Bf6 23. Bxb6 Rac8 24. Rcd1 Qc6 25. Bd4 Bg7 26. Nxe5 dxe5 27. Bc3 Nf6 28. fxg6 fxg6 29. Bf3 Rfe8 30. Rd2 Qc4 31. Rfd1 Bh6 32. Qh4 Kg7 33. h3 Qc6 34. Rd6 Qc4 35. Rxf6 Kxf6 36. Rd6+ Kg7 37. Rd7+ Kg8 38. Rxb7 Qf1+ 39. Kh2 Qc1 40. Nh7 Qf4+ 41. Qxf4 Bxf4+ 42. g3 Bh6 43. Nf6+ Kf8 44. Bb4+ 1-0


[Site "https://www.chess.com"]

[Event "Titled Tuesday Blitz November 08 Early 2022"]
[White "Balkum, Alexander"]
[Black "Taboas Rodriguez, Daniel"]
[WhiteFideId "2005069"]
[BlackFideId "2208466"]
[WhiteElo "2357"]
[BlackElo "2329"]
[Result "0-1"]
[Round "05"]
[TimeControl "180+1"]
[Date "2022.11.09"]
[WhiteClock "0:00:07"]
[BlackClock "0:01:07"]

1. e4 e5 2. Nf3 Nc6 3. d4 exd4 4. Nxd4 Nf6 5. Nc3 Bb4 6. Nxc6 bxc6 7. Bd3 d5 8. exd5 O-O 9. O-O cxd5 10. Bg5 c6 11. Qf3 Re8 12. Ne2 Bg4 13. Qxg4 Nxg4 14. Bxd8 Raxd8 15. Nd4 Ne5 16. a3 Bc5 17. Nb3 Bb6 18. Rad1 Nxd3 19. Rxd3 Re2 20. Rd2 Rxd2 21. Nxd2 Re8 22. Nb3 Re2 23. Na1 f5 24. g3 Kf7 25. Kg2 g5 26. Kf3 Rd2 27. h3 h5 28. g4 fxg4+ 29. hxg4 h4 30. b3 a5 31. b4 a4 0-1


[Site "https://www.chess.com"]

[Event "Titled Tuesday Blitz November 08 Early 2022"]
[White "Barash, Anton"]
[Black "Salman, Pavel"]
[WhiteFideId "30935229"]
[BlackFideId "24153753"]
[WhiteElo "2265"]
[BlackElo "2187"]
[Result "1/2-1/2"]
[Round "05"]
[TimeControl "180+1"]
[Date "2022.11.09"]
[WhiteClock "0:01:35"]
[BlackClock "0:02:34"]

1. e4 d6 2. d4 Nf6 3. Nc3 g6 4. f4 Bg7 5. Nf3 c5 6. Bb5+ Bd7 7. e5 Ng4 8. e6 fxe6 9. Ng5 Bxb5 10. Nxe6 Bxd4 11. Nxd8 Bf2+ 12. Kd2 Be3+ 13. Ke1 Bf2+ 14. Kd2 Be3+ 15. Ke1 Bf2+ 16. Kd2 1/2-1/2


[Site "https://www.chess.com"]

[Event "Titled Tuesday Blitz November 08 Early 2022"]
[White "Barbashin, Igor"]
[Black "Ilkhomi, Jaloliddin"]
[WhiteFideId "4155718"]
[BlackFideId "14700948"]
[WhiteElo "2138"]
[BlackElo "2045"]
[Result "0-1"]
[Round "05"]
[TimeControl "180+1"]
[Date "2022.11.09"]
[WhiteClock "0:00:01"]
[BlackClock "0:00:03"]

1. d4 Nf6 2. c4 e6 3. Nc3 Bb4 4. Nf3 O-O 5. g3 b6 6. Bg2 Bb7 7. O-O Bxc3 8. bxc3 Ne4 9. Qd3 f5 10. Ng5 Nd6 11. Bxb7 Nxb7 12. e4 h6 13. Nh3 Nd6 14. e5 Nf7 15. Nf4 Kh7 16. Re1 Nc6 17. Qf3 Ne7 18. d5 exd5 19. cxd5 Ng5 20. Qd3 Qe8 21. h4 Ne4 22. Ba3 Qf7 23. Rxe4 fxe4 24. Qxe4+ Qf5 25. Qxf5+ Rxf5 26. Bxe7 Rxe5 27. d6 Re8 28. Kg2 Rc5 29. Rc1 Rc6 30. h5 cxd6 31. Bh4 Rec8 32. Ne2 Rc4 33. Rd1 R8c6 34. Be7 Re4 35. Nd4 Rxe7 36. Nxc6 dxc6 37. Rxd6 Re5 38. Rxc6 Rxh5 39. Rc7 Ra5 40. f4 Rxa2+ 41. Kf3 a5 42. f5 Rc2 43. f6 Kg6 0-1


[Site "https://www.chess.com"]

[Event "Titled Tuesday Blitz November 08 Early 2022"]
[White "Barria Santos, Jose Guilherme"]
[Black "Lakshmi C"]
[WhiteFideId "1939300"]
[BlackFideId "25035347"]
[WhiteElo "2273"]
[BlackElo "1865"]
[Result "1-0"]
[Round "05"]
[TimeControl "180+1"]
[Date "2022.11.09"]
[WhiteClock "0:00:29"]
[BlackClock "0:00:02"]

1. d4 Nf6 2. c4 e6 3. Nc3 Bb4 4. Qc2 d5 5. Bg5 O-O 6. a3 Be7 7. e3 b6 8. Rc1 Bb7 9. cxd5 exd5 10. Bd3 h6 11. Bxf6 Bxf6 12. b4 c6 13. Nf3 Nd7 14. O-O Rc8 15. Qb3 b5 16. e4 dxe4 17. Nxe4 Be7 18. Rfd1 Nf6 19. Nc5 Ba8 20. Ne5 Nd5 21. Bb1 Qd6 22. Qd3 g6 23. Qh3 Bg5 24. Ne4 Qd8 25. Nxg5 Qxg5 26. Re1 Nf4 27. Qg3 c5 28. Nf3 Bxf3 29. Qxf3 cxd4 30. Rcd1 Rc3 31. Qe4 d3 32. Bxd3 Nh3+ 33. Kf1 Nf4 34. Bxb5 Qxb5+ 35. Kg1 Ne6 36. Rd5 Qc4 37. Qe5 Qb3 38. Rdd1 Rc2 39. Qf6 Qb2 40. Rxe6 Qxf6 41. Rxf6 Ra2 42. Ra6 Rb2 43. Rxa7 Rc8 44. Ra6 Rcc2 45. Rf6 Ra2 46. Rf3 Rcb2 47. h4 Rc2 48. Rd7 f5 49. Rg3 g5 50. hxg5 h5 51. Re3 Rxf2 52. Re8# 1-0


[Site "https://www.chess.com"]

[Event "Titled Tuesday Blitz November 08 Early 2022"]
[White "Belozerov, Andrei"]
[Black "Mazurkiewicz, Michal"]
[WhiteFideId "4120213"]
[BlackFideId "1124943"]
[WhiteElo "2360"]
[BlackElo "2063"]
[Result "1-0"]
[Round "05"]
[TimeControl "180+1"]
[Date "2022.11.09"]
[WhiteClock "0:00:59"]
[BlackClock "0:00:02"]

1. e4 d6 2. Nc3 Nf6 3. d4 c6 4. f4 Qb6 5. e5 Nd5 6. Nxd5 cxd5 7. c3 Bf5 8. Bd3 g6 9. Bxf5 gxf5 10. Nf3 e6 11. O-O Nc6 12. Qe2 Be7 13. Be3 O-O-O 14. b4 Kb8 15. a4 a5 16. Rfb1 Rc8 17. bxa5 Qxa5 18. Rb5 Qa6 19. Rab1 Na7 20. Rxb7+ Qxb7 21. Rxb7+ Kxb7 22. exd6 Bxd6 23. Ne5 Bxe5 24. dxe5 Rc4 25. Qb2+ Ka8 26. Qb6 Nc6 27. Bc5 Rxc5 28. Qxc5 Rc8 29. a5 Na7 30. Qe7 Rxc3 31. a6 Rb3 32. Qxf7 Nc6 33. Qe8+ Nb8 34. Qxe6 Rb5 35. Qe8 Ka7 36. Qxb5 1-0


[Site "https://www.chess.com"]

[Event "Titled Tuesday Blitz November 08 Early 2022"]
[White "Bernat, David"]
[Black "Korelskiy, Egor"]
[WhiteFideId "2099225"]
[BlackFideId "34329064"]
[WhiteElo "2333"]
[BlackElo "2043"]
[Result "1-0"]
[Round "05"]
[TimeControl "180+1"]
[Date "2022.11.09"]
[WhiteClock "0:00:07"]
[BlackClock "0:00:03"]

1. c4 e6 2. e4 c5 3. Nc3 Nc6 4. g3 g6 5. Bg2 Bg7 6. Nge2 Nge7 7. O-O O-O 8. d3 d6 9. Be3 Nd4 10. a3 Bd7 11. Rb1 Rb8 12. b4 b6 13. f4 Qc7 14. b5 Rbe8 15. Bf2 d5 16. cxd5 Nxe2+ 17. Nxe2 exd5 18. e5 f6 19. d4 c4 20. Nc3 Be6 21. Re1 Qd7 22. a4 fxe5 23. dxe5 Kh8 24. Qd2 Rd8 25. Red1 Qc7 26. Ne2 Nf5 27. Bh3 Qe7 28. Bxf5 Bxf5 29. Nd4 Bxb1 30. Rxb1 Rc8 31. a5 c3 32. Qc2 bxa5 33. Ra1 Qb4 34. Rb1 Qc4 35. Ra1 a4 36. Rxa4 Qc7 37. Ne6 Qd7 38. Nxf8 Rxf8 39. Rxa7 Qxb5 40. Qxc3 Qb1+ 41. Kg2 Qe4+ 42. Qf3 Qxf3+ 43. Kxf3 Bxe5 44. Rd7 Bg7 45. Rxd5 Re8 46. Rd7 Ra8 47. Kg4 Rf8 48. Bc5 Re8 49. Bd6 Rg8 50. h4 Re8 51. Kg5 Rg8 52. h5 gxh5 53. Kxh5 Bf6 54. g4 Bg7 55. g5 Re8 56. f5 Ba1 57. f6 Rg8 58. f7 Ra8 59. f8=Q+ Rxf8 60. Bxf8 Kg8 61. Bd6 Bg7 62. g6 hxg6+ 63. Kxg6 1-0


[Site "https://www.chess.com"]

[Event "Titled Tuesday Blitz November 08 Early 2022"]
[White "Biastoch, Bennet"]
[Black "Madaminov, Mukhiddin"]
[WhiteFideId "12939889"]
[BlackFideId "14210703"]
[WhiteElo "2221"]
[BlackElo "2341"]
[Result "1/2-1/2"]
[Round "05"]
[TimeControl "180+1"]
[Date "2022.11.09"]
[WhiteClock "0:00:17"]
[BlackClock "0:00:37"]

1. e4 e6 2. d4 d5 3. Nc3 Nf6 4. e5 Nfd7 5. f4 c5 6. Nf3 Nc6 7. Be3 Qb6 8. Qd2 Qxb2 9. Rb1 Qa3 10. Bb5 c4 11. Nd1 Qxa2 12. Rb2 Qa5 13. c3 Qc7 14. O-O Ne7 15. g4 h5 16. h3 hxg4 17. hxg4 g6 18. Ng5 a6 19. f5 gxf5 20. gxf5 Nxf5 21. Rxf5 exf5 22. Ba4 b5 23. Bc2 Nb6 24. Qf2 Be7 25. Bxf5 Bxg5 26. Bxg5 Rg8 27. Qf4 f6 28. Rg2 fxg5 29. Qg4 Bxf5 30. Qxf5 Qd7 31. e6 Qe7 32. Ne3 O-O-O 33. Ng4 Rgf8 34. Qe5 Rf4 35. Ne3 Re4 36. Nxd5 Rxd5 37. Qxe4 Kc7 38. Rf2 Kd6 39. Qg6 g4 40. Rf7 Qg5 41. e7+ Qxg6 42. e8=Q Qg5 43. Qb8+ Ke6 44. Qe8+ Kd6 45. Qb8+ Ke6 46. Qe8+ Kd6 1/2-1/2


[Site "https://www.chess.com"]

[Event "Titled Tuesday Blitz November 08 Early 2022"]
[White "Bibilashvili, Lali"]
[Black "Valle Maytin, Luis Enrique"]
[WhiteFideId "13604236"]
[BlackFideId "3503666"]
[WhiteElo "1819"]
[BlackElo "2225"]
[Result "0-1"]
[Round "05"]
[TimeControl "180+1"]
[Date "2022.11.09"]
[WhiteClock "0:01:16"]
[BlackClock "0:00:19"]

1. c4 c5 2. g3 g6 3. Bg2 Bg7 4. e3 Nc6 5. Ne2 e6 6. Nbc3 Nge7 7. O-O O-O 8. b3 b6 9. Bb2 Bb7 10. Rb1 d6 11. d4 Qd7 12. d5 Nb4 13. e4 e5 14. f4 Na6 15. f5 f6 16. Bh3 gxf5 17. exf5 Kh8 18. Ne4 Rg8 19. Kh1 Raf8 20. Ng1 Nc7 21. Qh5 Nexd5 22. cxd5 Nxd5 23. Bg2 Ne3 24. Rfe1 Nxg2 25. Kxg2 d5 26. Rbd1 Qe7 27. Nf2 d4+ 28. Kh3 e4 29. Ng4 e3 30. Nh6 Bxh6 31. Qxh6 Qe4 32. Qh4 Qg2# 0-1


[Site "https://www.chess.com"]

[Event "Titled Tuesday Blitz November 08 Early 2022"]
[White "Bluebaum, Matthias"]
[Black "Piesik, Piotr"]
[WhiteFideId "24651516"]
[BlackFideId "1136194"]
[WhiteElo "2633"]
[BlackElo "2316"]
[Result "1-0"]
[Round "05"]
[TimeControl "180+1"]
[Date "2022.11.08"]
[WhiteClock "0:01:26"]
[BlackClock "0:01:29"]

1. d4 c5 2. d5 e5 3. e4 d6 4. Bb5+ Nd7 5. a4 Be7 6. Nf3 Nf6 7. Nc3 O-O 8. O-O Ne8 9. Nd2 Bg5 10. g3 Bxd2 11. Bxd2 a6 12. Bd3 Ndf6 13. f4 Bh3 14. Rf2 Ng4 15. Rf3 h5 16. Bf1 Bxf1 17. Qxf1 exf4 18. gxf4 f5 19. e5 dxe5 20. fxe5 Nxe5 21. Rxf5 Rxf5 22. Qxf5 Qf6 23. Rf1 Qxf5 24. Rxf5 Nc4 25. Bc1 g6 26. Rf4 Ncd6 27. Ne4 Rc8 28. Nxd6 Nxd6 29. Rf6 Ne4 30. Rxg6+ Kf7 31. Rb6 Rc7 32. c4 Kg7 33. Kg2 Rf7 34. Be3 h4 35. h3 Rc7 36. Kf3 Nf6 37. Bf4 Re7 38. Bg5 1-0


[Site "https://www.chess.com"]

[Event "Titled Tuesday Blitz November 08 Early 2022"]
[White "Bodnaruk, Anastasia"]
[Black "Fernandez Siles, Luis"]
[WhiteFideId "4181751"]
[BlackFideId "2209420"]
[WhiteElo "2319"]
[BlackElo "2186"]
[Result "1-0"]
[Round "05"]
[TimeControl "180+1"]
[Date "2022.11.09"]
[WhiteClock "0:01:40"]
[BlackClock "0:00:35"]

1. e4 c5 2. Nc3 Nc6 3. Bb5 Nd4 4. Bc4 g6 5. Nf3 Bg7 6. Nxd4 cxd4 7. Qf3 Nh6 8. Ne2 O-O 9. Qg3 e6 10. d3 f5 11. O-O Nf7 12. f4 Qb6 13. Kh1 Kh8 14. a4 Nd6 15. e5 Nxc4 16. dxc4 a5 17. b3 d6 18. Ba3 Rd8 19. exd6 Bd7 20. Rad1 Bc6 21. c5 Qa6 22. Qf2 Be4 23. Nxd4 1-0


[Site "https://www.chess.com"]

[Event "Titled Tuesday Blitz November 08 Early 2022"]
[White "Bok, Benjamin"]
[Black "Harshavardhan G B"]
[WhiteFideId "1017063"]
[BlackFideId "25059009"]
[WhiteElo "2658"]
[BlackElo "2333"]
[Result "0-1"]
[Round "05"]
[TimeControl "180+1"]
[Date "2022.11.08"]
[WhiteClock "0:00:01"]
[BlackClock "0:00:16"]

1. d4 Nf6 2. c4 e6 3. Nc3 d5 4. cxd5 Nxd5 5. e4 Nxc3 6. bxc3 c5 7. Rb1 cxd4 8. cxd4 Nc6 9. Nf3 Bb4+ 10. Bd2 Bxd2+ 11. Qxd2 O-O 12. Bb5 Ne7 13. O-O b6 14. h4 Bb7 15. Qe3 Rc8 16. h5 h6 17. Rfc1 Qd6 18. Ne5 Rfd8 19. Rxc8 Bxc8 20. Rd1 Bb7 21. a3 a6 22. Be2 b5 23. Nd3 Nc6 24. d5 exd5 25. Nc5 d4 26. Nxb7 Qc7 27. Qg3 Qxb7 28. e5 Qe7 29. f4 Qe6 30. Kh2 Qa2 31. Bf3 Ne7 32. Be4 Qe2 33. Bf3 Qc2 34. Qe1 Nf5 35. Be4 Qc8 36. Rc1 Qd7 37. Qd2 Ne3 38. Qd3 Qg4 39. g3 Qxh5+ 40. Kg1 Qg4 41. Kf2 h5 42. Bf3 Qe6 43. Bxh5 g6 44. Bf3 Kg7 0-1


[Site "https://www.chess.com"]

[Event "Titled Tuesday Blitz November 08 Early 2022"]
[White "Bongo Akanga Ndjila, Barthelemy"]
[Black "Schmidt, Tobias"]
[WhiteFideId "10609431"]
[BlackFideId "1271683"]
[WhiteElo "1768"]
[BlackElo "2328"]
[Result "0-1"]
[Round "05"]
[TimeControl "180+1"]
[Date "2022.11.09"]
[WhiteClock "0:01:01"]
[BlackClock "0:00:46"]

1. d4 a5 2. c4 a4 3. a3 Nf6 4. Nc3 d5 5. cxd5 Nxd5 6. e4 Nb6 7. Bb5+ Bd7 8. Be2 g6 9. h3 Bg7 10. Nf3 O-O 11. d5 Na6 12. O-O Nc5 13. Qc2 Nb3 14. Rb1 c6 15. Rd1 Qc8 16. Kh2 Rd8 17. Bg5 Kf8 18. Be3 Qc7+ 19. g3 cxd5 20. exd5 Rac8 21. Nd4 Nxd5 22. Nxb3 Bf5 23. Bd3 Nxe3 24. fxe3 axb3 25. Qe2 Bxc3 26. bxc3 Qxc3 27. Bxf5 gxf5 28. Qh5 Rd2+ 29. Rxd2 Qxd2+ 30. Kh1 Rc2 31. Qh6+ Ke8 0-1


[Site "https://www.chess.com"]

[Event "Titled Tuesday Blitz November 08 Early 2022"]
[White "Boros, Denes"]
[Black "Dubov, Daniil"]
[WhiteFideId "722340"]
[BlackFideId "24126055"]
[WhiteElo "2464"]
[BlackElo "2791"]
[Result "0-1"]
[Round "05"]
[TimeControl "180+1"]
[Date "2022.11.08"]
[WhiteClock "0:00:22"]
[BlackClock "0:00:10"]

1. e4 c5 2. Nf3 e6 3. Be2 Nc6 4. O-O Nf6 5. Nc3 Qc7 6. d4 cxd4 7. Nxd4 Bb4 8. Qd3 O-O 9. Ndb5 Qb8 10. a3 Be7 11. f4 a6 12. e5 Ne8 13. Nd4 f6 14. exf6 Nxf6 15. Be3 Qc7 16. Kh1 Na5 17. b4 Nc6 18. Na4 Nd5 19. Nxc6 Qxc6 20. Nc5 b6 21. Nb3 Bb7 22. Bf3 Rac8 23. f5 Qxc2 24. Qxc2 Rxc2 25. Bxb6 Rxf5 26. Nd4 Rxf3 27. Rxf3 Rc4 28. Ba7 Bf6 29. Raf1 Ne7 30. Rd3 Be4 31. Rd2 Nd5 32. Bc5 h5 33. Nf3 Rc3 34. a4 a5 35. Re1 Bxf3 36. gxf3 axb4 37. Bd6 Ra3 38. Be5 Bxe5 39. Rxe5 Rxa4 40. Kg2 b3 41. Rb2 Nf4+ 42. Kg3 Nd3 43. Ra5 0-1


[Site "https://www.chess.com"]

[Event "Titled Tuesday Blitz November 08 Early 2022"]
[White "Bortnyk, Olexandr"]
[Black "Urazayev, Arystanbek"]
[WhiteFideId "14120828"]
[BlackFideId "13709810"]
[WhiteElo "2723"]
[BlackElo "2441"]
[Result "1-0"]
[Round "05"]
[TimeControl "180+1"]
[Date "2022.11.08"]
[WhiteClock "0:00:08"]
[BlackClock "0:00:15"]

1. d4 d5 2. Nc3 e6 3. e4 Nf6 4. Bg5 Bb4 5. e5 h6 6. Bc1 Ne4 7. Qg4 g6 8. Ne2 c5 9. a3 Ba5 10. dxc5 Bxc3+ 11. Nxc3 Nxc3 12. bxc3 Nc6 13. Bb5 Qa5 14. Qb4 Qc7 15. Qf4 Bd7 16. Bxc6 Bxc6 17. Be3 O-O-O 18. Bd4 f5 19. h4 g5 20. Qe3 f4 21. Qd3 Qf7 22. Kd2 g4 23. h5 Rhg8 24. g3 Rdf8 25. Rag1 Rg5 26. Rh4 Qg7 27. Kc1 a6 28. Kb2 f3 29. Rb1 Rff5 30. Rbh1 Be8 31. c4 Bc6 32. cxd5 Bxd5 33. Qc3 Qd7 34. Qa5 Rg8 35. Rd1 Qc6 36. Rd2 Kb8 37. Be3 Rh8 38. Rxg4 Rxh5 39. Rg7 Rh1 40. Qb6 Rc8 41. Qxc6 Bxc6 42. Rg6 Bd5 43. Rg4 h5 44. Rf4 Rg8 45. c4 Bc6 46. Rf6 h4 47. gxh4 Rgg1 48. Rd8+ Kc7 49. Rff8 Bd7 50. Ra8 Rb1+ 51. Kc2 Ba4+ 52. Kd3 Rhd1+ 53. Ke4 Bc6+ 54. Kf4 Rd7 55. Rfc8# 1-0


[Site "https://www.chess.com"]

[Event "Titled Tuesday Blitz November 08 Early 2022"]
[White "Broca Jimenez, Fernando"]
[Black "Mirzoev, Azer"]
[WhiteFideId "5104742"]
[BlackFideId "13400304"]
[WhiteElo "2062"]
[BlackElo "2525"]
[Result "1/2-1/2"]
[Round "05"]
[TimeControl "180+1"]
[Date "2022.11.09"]
[WhiteClock "0:00:04"]
[BlackClock "0:00:07"]

1. e4 c5 2. c3 Nf6 3. e5 Nd5 4. d4 cxd4 5. Nf3 Nc6 6. Bc4 Nb6 7. Bb3 d5 8. exd6 Qxd6 9. cxd4 Be6 10. Bxe6 Qxe6+ 11. Be3 Nd5 12. Qe2 Qd7 13. O-O e6 14. Nc3 Be7 15. Rac1 O-O 16. Rfd1 Rfd8 17. Ne4 Rac8 18. Nc5 Qc7 19. a3 Qb6 20. b4 a6 21. Ne5 Nxe5 22. dxe5 Nxe3 23. Rxd8+ Rxd8 24. Qxe3 h6 25. h3 Rc8 26. Kf1 Rc7 27. Ke2 a5 28. Nd3 Qxe3+ 29. Kxe3 Rxc1 30. Nxc1 axb4 31. axb4 Bxb4 32. Kd4 g5 33. Nd3 Ba3 34. Kc4 Kf8 35. Kb5 f6 36. Kb6 Kf7 37. Kxb7 fxe5 38. Nxe5+ Kf6 39. Ng4+ Kg6 40. Kc6 h5 41. Ne3 Bc1 42. Nc4 Kf5 43. Kc5 Bf4 44. Kd4 Bc7 45. Ke3 g4 46. hxg4+ hxg4 47. g3 Bb8 48. Kd3 Ba7 49. Ke2 Ke4 50. Nd2+ Ke5 51. Nf1 Ke4 52. Nd2+ Kf5 53. Nc4 Ke4 54. Nd2+ 1/2-1/2


[Site "https://www.chess.com"]

[Event "Titled Tuesday Blitz November 08 Early 2022"]
[White "Brown, Andrew"]
[Black "Vargas, Mauricio"]
[WhiteFideId "3206513"]
[BlackFideId "4404572"]
[WhiteElo "2245"]
[BlackElo "2025"]
[Result "1-0"]
[Round "05"]
[TimeControl "180+1"]
[Date "2022.11.09"]
[WhiteClock "0:00:22"]
[BlackClock "0:00:33"]

1. d4 d5 2. c4 c6 3. Nc3 e6 4. Nf3 dxc4 5. g3 b5 6. Bg2 Bb7 7. O-O Nd7 8. Bg5 Qc8 9. Ne5 Nxe5 10. dxe5 Bc5 11. Ne4 Bf8 12. Nd6+ Bxd6 13. Qxd6 h6 14. Be3 Ne7 15. g4 Qd8 16. Bc5 Qxd6 17. exd6 Nd5 18. f4 O-O 19. e4 Nb6 20. b3 cxb3 21. axb3 Rfd8 22. e5 Kh8 23. f5 exf5 24. gxf5 Re8 25. Bxb6 axb6 26. Rxa8 Bxa8 27. d7 Rd8 28. e6 fxe6 29. fxe6 Kg8 30. e7 Rb8 31. e8=Q+ Rxe8 32. dxe8=Q+ Kh7 33. Be4+ g6 34. Rf7# 1-0


[Site "https://www.chess.com"]

[Event "Titled Tuesday Blitz November 08 Early 2022"]
[White "Buscar, Michael"]
[Black "czernikowskqa"]
[WhiteFideId "2603616"]
[WhiteElo "2010"]
[BlackElo "1735"]
[Result "1-0"]
[Round "05"]
[TimeControl "180+1"]
[Date "2022.11.09"]
[WhiteClock "0:00:21"]
[BlackClock "0:00:55"]

1. Nf3 Nf6 2. b3 g6 3. Bb2 Bg7 4. e4 d6 5. Bc4 O-O 6. Qe2 e5 7. b4 a6 8. a3 Bg4 9. h3 Bxf3 10. Qxf3 Nc6 11. d3 Nd4 12. Qd1 Nd7 13. Nd2 b5 14. Bd5 Ra7 15. c3 Ne6 16. O-O Nb6 17. Bb3 c5 18. g3 Rc7 19. Qg4 Qe7 20. Rfe1 c4 21. Bc2 cxd3 22. Bxd3 Rfc8 23. Rad1 Na4 24. Rb1 Nxb2 25. Rxb2 Rxc3 26. Bb1 Rxa3 27. Nf1 Rac3 28. Ne3 Rc1 29. Rd1 Rxd1+ 30. Qxd1 Qc7 31. Nd5 Qc1 32. Rd2 Nd4 33. Ne7+ Kf8 34. Nxc8 Qxc8 35. Kg2 Bh6 36. Ra2 Qb7 37. Bd3 Qc6 38. Qa1 Nb3 39. Rxa6 Nxa1 40. Rxc6 Nb3 41. Bxb5 Nd4 42. Rc8+ Ke7 43. Ba4 Bd2 44. Rc7+ Kf8 45. b5 Ba5 46. Ra7 Bb6 47. Rb7 Bc5 48. Rb8+ Ke7 49. b6 f5 50. b7 Ba7 51. Ra8 fxe4 52. Rxa7 e3 53. b8=Q+ Kf6 54. fxe3 Ne2 55. Qxd6+ Kg5 56. Qxe5+ Kh6 57. h4 Nf4+ 58. Qxf4+ Kh5 59. Rg7 h6 60. Bd1# 1-0


[Site "https://www.chess.com"]

[Event "Titled Tuesday Blitz November 08 Early 2022"]
[White "Cabezas Solano, David Alejandro"]
[Black "Goryachkina, Aleksandra"]
[WhiteFideId "6507522"]
[BlackFideId "4147103"]
[WhiteElo "2035"]
[BlackElo "2484"]
[Result "1-0"]
[Round "05"]
[TimeControl "180+1"]
[Date "2022.11.09"]
[WhiteClock "0:00:01"]
[BlackClock "0:00:04"]

1. d4 d5 2. c4 dxc4 3. e4 Nf6 4. Nc3 e5 5. Nf3 exd4 6. Qxd4 Qxd4 7. Nxd4 a6 8. a4 Bb4 9. f3 c5 10. Nc2 Be6 11. Ne3 Nc6 12. Bxc4 O-O 13. Bxe6 fxe6 14. O-O Nd4 15. Nc4 b5 16. Ne5 Bxc3 17. bxc3 Ne2+ 18. Kh1 Nxc3 19. Be3 Nxa4 20. Rfd1 Rfd8 21. Nc6 Rxd1+ 22. Rxd1 c4 23. g4 c3 24. g5 Ne8 25. Rd7 a5 26. h4 b4 27. Rb7 Nd6 28. Rd7 b3 29. Bd4 Ne8 30. Rb7 c2 31. Be3 b2 32. Kg2 c1=Q 33. Ne7+ Kf8 34. g6 Qxe3 35. gxh7 Qh6 36. Ng6+ 1-0


[Site "https://www.chess.com"]

[Event "Titled Tuesday Blitz November 08 Early 2022"]
[White "Carbone, Diego"]
[Black "Adnan, Habib"]
[WhiteFideId "3002179"]
[BlackFideId "11202270"]
[WhiteElo "2265"]
[BlackElo "2110"]
[Result "1-0"]
[Round "05"]
[TimeControl "180+1"]
[Date "2022.11.09"]
[WhiteClock "0:00:03"]
[BlackClock "0:00:02"]

1. d4 Nf6 2. c4 g6 3. g3 Bg7 4. Bg2 O-O 5. Nc3 d6 6. Nf3 Nbd7 7. O-O e5 8. e4 exd4 9. Nxd4 a6 10. h3 Rb8 11. a4 Re8 12. Be3 Ne5 13. b3 c5 14. Nde2 Qe7 15. Ra2 Nc6 16. Rd2 Bf8 17. Nf4 Be6 18. Re1 Na5 19. Nfd5 Bxd5 20. Nxd5 Nxd5 21. Rxd5 Nc6 22. Bf4 Rbd8 23. Bg5 f6 24. Be3 Bg7 25. Qd2 Nb4 26. h4 Nxd5 27. exd5 f5 28. Rb1 b6 29. Bf3 a5 30. Kg2 Qe5 31. h5 Qc3 32. hxg6 hxg6 33. Rh1 Qxd2 34. Bxd2 Kf7 35. Bg5 Rd7 36. g4 Rh8 37. Re1 Re8 38. Rh1 Kg8 39. gxf5 gxf5 40. Bh5 Rf8 41. f4 Bf6 42. Bh6 Rfd8 43. Bg6 Bg7 44. Bg5 Rf8 45. Kf3 Bf6 46. Bh6 Bg7 47. Bg5 Rf6 48. Bxf6 Bxf6 49. Bxf5 Rg7 50. Be6+ Kf8 51. Rh8+ Ke7 52. Rb8 Bd4 53. Rb7+ Kf6 54. Rxb6 Rg1 55. Rxd6 Rf1+ 56. Kg4 Rg1+ 57. Kf3 Rf1+ 58. Ke2 Rxf4 59. Rb6 Ke5 60. Bh3 Rf2+ 61. Kd3 Rf3+ 62. Ke2 Rxh3 63. Re6+ Kf4 64. d6 Rh2+ 65. Kd3 Rb2 66. d7 Rxb3+ 67. Kc2 Rb2+ 68. Kc1 Rb8 69. Re8 Be3+ 70. Kc2 Rb4 71. d8=Q Rxc4+ 72. Kb3 Rb4+ 73. Ka2 Bc1 74. Qd6+ Kf3 75. Rf8+ Bf4 76. Qxc5 Rxa4+ 77. Kb3 Rb4+ 78. Kc3 Re4 79. Qd5 Ke3 80. Qxa5 Be5+ 81. Kc2 Rc4+ 82. Kd1 Rd4+ 83. Kc1 Rc4+ 84. Kb1 Bd4 85. Qe1+ Kd3 86. Rf3+ Be3 87. Qxe3# 1-0


[Site "https://www.chess.com"]

[Event "Titled Tuesday Blitz November 08 Early 2022"]
[White "Cella, Glaucio Dalla Cortt"]
[Black "Manon-og, Ramon Jr."]
[WhiteFideId "2119455"]
[BlackFideId "5200776"]
[WhiteElo "2011"]
[BlackElo "2275"]
[Result "1-0"]
[Round "05"]
[TimeControl "180+1"]
[Date "2022.11.09"]
[WhiteClock "0:00:53"]
[BlackClock "0:01:21"]

1. e4 c5 2. Nf3 d6 3. c3 Nf6 4. Be2 g6 5. O-O Bg7 6. Re1 O-O 7. Bf1 Nc6 8. h3 b6 9. a3 Bb7 10. d4 cxd4 11. cxd4 Rc8 12. Nc3 Na5 13. Bd3 a6 14. Bf4 Nc4 15. Qe2 b5 16. a4 d5 17. e5 Ne4 18. Nxe4 dxe4 19. Bxe4 Bxe4 20. Qxe4 Nxb2 21. axb5 axb5 22. Reb1 Nc4 23. Rxb5 e6 24. Ra7 Nb6 25. Bg5 f6 26. exf6 Bxf6 27. Qxe6+ Kh8 28. Bh6 Nc4 29. Rbb7 1-0


[Site "https://www.chess.com"]